 Dungeon Crawl Stone Soup version 0.23.2-1-ga50397a (webtiles) character file.

Game seed: 4727613226195607739

571078 HEYYEYAAE the Metallomancer (level 24, -4/193 HPs)
             Began as a Demigod Earth Elementalist on Apr 27, 2019.
             Killed from afar by an ice dragon (19 damage)
             ... with a blast of cold
             ... on level 4 of the Depths.
             The game lasted 02:45:25 (62277 turns).

HEYYEYAAE the Metallomancer (DgEE)                 Turns: 62277, Time: 02:45:26

Health: -4/193     AC: 32    Str: 16    XL:     24   Next: 43%
Magic:  7/54       EV: 15    Int: 59    God:
Gold:   2636       SH:  9    Dex: 18    Spells: 19/64 levels left

rFire    . . .     SeeInvis +   g - +1 mace "Tavozuacw" {pain, *Noise rElec Int+9}
rCold    . . .     Gourm    .   e - +3 buckler {AC+3}
rNeg     . . .     Faith    .   I - +1 ring mail of Paodd {MR+ Regen+ Int+4}
rPois    +         Spirit   .   s - +2 helmet {Int+3}
rElec    +         Reflect  .   y - +2 cloak {MR+}
rCorr    .         Harm     .   T - +2 pair of gloves of the Bells {Int+3 Dex+2}
MR       +++++                  Y - +2 pair of boots {Stlth+}
Stlth    ++........             W - amulet "Biuhiy" {RegenMP rPois SInv}
HPRegen  0.82/turn              V - ring of the Rabble {*Slow rPois MR+ Str+5 Int+5}
MPRegen  0.59/turn              P - +6 ring of protection

@: constricted, studying Armour
A: high mp 1
}: 3/15 runes: decaying, silver, gossamer
a: no special abilities


You were on level 4 of the Depths.
You were hungry.

You visited 9 branches of the dungeon, and saw 45 of its levels.
You visited the Abyss 1 time.
You also visited: Trove and Wizlab.

You collected 7142 gold pieces.
You spent 4506 gold pieces at shops.

Inventory:

Hand Weapons
 g - the +1 mace "Tavozuacw" (weapon) {pain, *Noise rElec Int+9}
   (You found it on level 6 of the Lair of Beasts)

   In the hands of one skilled in necromantic magic, it inflicts extra damage on
   living creatures.
   It affects your intelligence (+9).
   It insulates you from electricity.
   It may make noises in combat.
Missiles
 b - 434 stones (quivered)
Armour
 e - a +3 buckler of protection (worn)
 h - the +1 shield of Fortification {rN+ MR+ Dex-3}
   (You found it on level 2 of the Depths)

   It affects your dexterity (-3).
   It protects you from negative energy.
   It affects your resistance to hostile enchantments.
 s - a +2 helmet of intelligence (worn)
 y - a +2 cloak of magic resistance (worn)
 I - the +1 ring mail of Paodd (worn) {MR+ Regen+ Int+4}
   (You found it on level 5 of the Vaults)

   It affects your intelligence (+4).
   It affects your resistance to hostile enchantments.
   It increases your rate of regeneration.
 T - the +2 pair of gloves of the Bells (worn) {Int+3 Dex+2}
   (You found it on level 10 of the Dungeon)

   It affects your intelligence (+3).
   It affects your dexterity (+2).
 Y - a +2 pair of boots of stealth (worn)
Magical Staves
 q - an uncursed staff of power
 r - an uncursed staff of earth
Jewellery
 f - the ring "Xyisall" {+Fly Dex+4, unknown}
   (You found it in a wizard's laboratory)

   [ring of flight]

   It affects your dexterity (+4).
   It lets you fly.
 v - an uncursed ring of resist corrosion
 F - an uncursed ring of wizardry
 P - a +6 ring of protection (right hand)
 Q - an uncursed ring of positive energy
 V - the ring of the Rabble (left hand) {*Slow rPois MR+ Str+5 Int+5}
   (You took it off a deep elf annihilator on level 3 of the Elven Halls)

   [ring of strength]

   It affects your strength (+5).
   It affects your intelligence (+5).
   It protects you from poison.
   It affects your resistance to hostile enchantments.
   It may slow you when you take damage.
 W - the amulet "Biuhiy" (around neck) {RegenMP rPois SInv}
   (You found it on level 2 of the Spider Nest)

   [amulet of magic regeneration]

   It increases your magic regeneration.
   It protects you from poison.
   It lets you see invisible.
 Z - an uncursed ring of protection from fire
Wands
 x - a wand of digging (18)
 O - a wand of iceblast (38)
Scrolls
 c - 2 scrolls of magic mapping
 i - 3 scrolls of summoning
 j - a scroll of fog
 k - 10 scrolls of teleportation
 o - 12 scrolls of immolation
 p - 30 scrolls of remove curse
 D - 2 scrolls of holy word
 K - 2 scrolls of identify
 M - 4 scrolls of fear
 X - 9 scrolls of vulnerability
Potions
 a - 6 potions of heal wounds
 t - 35 potions of mutation
 u - 5 potions of cancellation
 w - 19 potions of curing
 A - 4 potions of brilliance
 B - a potion of invisibility
 C - 6 potions of haste
 E - 6 potions of flight
 G - 11 potions of resistance
 H - 11 potions of lignification
 L - a potion of agility
 N - a potion of berserk rage
 R - 11 potions of might
Books
 n - a manual of Armour
Miscellaneous
 l - a phantom mirror
 m - a lamp of fire
 S - a crystal ball of energy
Comestibles
 d - 54 rations


   Skills:
 + Level 11.4 Fighting
 + Level 13.1 Armour
 - Level 9.5 Dodging
 - Level 1.7 Stealth
 - Level 5.0 Shields
 * Level 20.8 Spellcasting
 - Level 6.1 Hexes
 + Level 5.9 Translocations
 - Level 0.8 Transmutations
 - Level 25.7 Earth Magic


You had 19 spell levels left.
You knew the following spells:

 Your Spells              Type           Power        Failure   Level  Hunger
a - Sandblast             Erth           ######       0%          1    None
b - Stone Arrow           Conj/Erth      ######       0%          3    None
c - Lee's Rapid Deconstr  Erth           #########.   0%          5    None
d - Petrify               Tmut/Erth      ########     0%          4    None
e - Mephitic Cloud        Conj/Pois/Air  ######..     1%          3    None
f - Apportation           Tloc           ######       1%          1    None
g - Conjure Flame         Conj/Fire      ######..     1%          3    None
h - Shatter               Erth           #########.   1%          9    None
i - Discord               Hex            #######...   78%         8    None
j - Controlled Blink      Tloc           N/A          82%         8    None

Your spell library contained the following spells:

 Spells                   Type           Power        Failure   Level  Hunger
 Passwall                 Tmut/Erth      ########     0%          2    None
 Leda's Liquefaction      Hex/Erth       ########..   0%          4    None
 Animate Skeleton         Necr           N/A          1%          1    None
 Beastly Appendage        Tmut           ######       1%          1    None
 Confusing Touch          Hex            ######       1%          1    None
 Corona                   Hex            #######      1%          1    None
 Shock                    Conj/Air       ####         1%          1    None
 Summon Butterflies       Summ           ######..     1%          1    None
 Summon Small Mammal      Summ           ####         1%          1    None
 Call Imp                 Summ           ######..     1%          2    None
 Ensorcelled Hibernation  Hex/Ice        ######       1%          2    None
 Poisonous Vapours        Pois/Air       ######       1%          2    None
 Sticks to Snakes         Tmut           ######..     1%          2    None
 Swiftness                Chrm/Air       ######..     1%          2    None
 Call Canine Familiar     Summ           ######..     1%          3    None
 Confuse                  Hex            #######.     1%          3    None
 Dazzling Spray           Conj/Hex       ######       1%          3    None
 Gell's Gravitas          Tloc           #######...   1%          3    None
 Ignite Poison            Fire/Tmut/Pois ######..     1%          3    None
 Lesser Beckoning         Tloc           #######...   1%          3    None
 Portal Projectile        Hex/Tloc       ######       1%          3    None
 Spider Form              Tmut/Pois      ######....   1%          3    None
 Static Discharge         Conj/Air       ######..     1%          3    None
 Summon Guardian Golem    Hex/Summ       #######.     1%          3    None
 Tukima's Dance           Hex            #######.     1%          3    None
 Cause Fear               Hex            #######...   1%          4    None
 Force Lance              Conj/Tloc      #######.     1%          4    None
 Ice Form                 Ice/Tmut       ######..     1%          4    None
 Passage of Golubria      Tloc           N/A          1%          4    None
 Bolt of Magma            Conj/Fire/Erth ########..   1%          5    None
 Metabolic Englaciation   Hex/Ice        #######...   1%          5    None
 Silence                  Hex/Air        #######...   1%          5    None
 Yara's Violent Unravell  Hex/Tmut       #######...   1%          5    None
 Iron Shot                Conj/Erth      ########..   1%          6    None
 Statue Form              Tmut/Erth      ########.    1%          6    None
 Airstrike                Air            ######....   2%          4    None
 Animate Dead             Necr           N/A          2%          4    None
 Summon Ice Beast         Ice/Summ       ######..     2%          4    None
 Summon Lightning Spire   Summ/Air       ######..     2%          4    None
 Darkness                 Hex            #######...   3%          6    None
 Dispersal                Tloc           #######...   3%          6    None
 Invisibility             Hex            #######.     3%          6    None
 Blade Hands              Tmut           ######....   4%          5    None
 Alistair's Intoxication  Tmut/Pois      ######..     6%          5    None
 Irradiate                Conj/Tmut      ######....   6%          5    None
 Fireball                 Conj/Fire      ######....   7%          5    None
 Lightning Bolt           Conj/Air       ######....   7%          5    None
 Hydra Form               Tmut           ######....   26%         6    None
 Bolt of Fire             Conj/Fire      ######....   36%         6    None
 Deflect Missiles         Chrm/Air       ######....   36%         6    None
 Freezing Cloud           Conj/Ice/Air   ######....   36%         6    None
 Simulacrum               Ice/Necr       ######....   36%         6    None
 Malign Gateway           Summ/Tloc      #######...   52%         7    None
 Disjunction              Tloc           #######...   82%         8    None
 Dragon Form              Tmut           ######....   83%         7    None
 Monstrous Menagerie      Summ           ######....   91%         7    None
 Ring of Flames           Chrm/Fire      ######....   91%         7    None
 Summon Greater Demon     Summ           ######....   91%         7    None
 Ignition                 Fire           ######....   100%        8    None
 Summon Horrible Things   Summ           ######....   100%        8    None


Dungeon Overview and Level Annotations

Branches:
Dungeon (15/15)            Temple (1/1) D:4            Lair (6/6) D:9
  Swamp (4/4) Lair:4       Spider (4/4) Lair:3        Slime (0/5) Lair:5
    Orc (2/2) D:10            Elf (3/3) Orc:2        Vaults (5/5) D:13
  Crypt (0/3) Vaults:2     Depths (5/5) D:15            Zot (0/5) Depths:5

Shops:
D:8 *%**(   D:11 [   D:15 %   Orc:2 :%*:   Elf:1 }   Elf:3 *   Vaults:1 (
Vaults:4 *   Vaults:5 *   Depths:3 *   Depths:5 =

Portals:
Hell: Depths:1 Depths:2 Depths:3 Depths:5
Abyss: Depths:4
Ziggurat: Depths:5

Annotations:
D:10 1 transporter
Swamp:1 2 transporters
Elf:1 6 runed translucent doors
Depths:4 exclusion: orange crystal statue


Innate Abilities, Weirdness & Mutations

You have an increased reservoir of magic. (+10% MP)


Message History

The tentacled monstrosity constricts you.
The juggernaut hits you!!
* * * LOW HITPOINT WARNING * * *
The juggernaut hits you!!
* * * LOW HITPOINT WARNING * * *
You block the ice dragon's attack.
The ice dragon claws you but does no damage.
The ice dragon tramples you but does no damage.
Casting: Shatter (safe; 1% risk of failure)
Confirm with . or Enter, or press ? or * to list all spells.
You don't have enough magic to cast that spell.
Blink to where?
Press: ? - help, Dir - move target cursor The tentacled monstrosity's grasp on you weakens, but your attempt to escape fails.
As you read the scroll of blinking, it crumbles to dust.
You block the tentacled monstrosity's attack. x3
The tentacled monstrosity constricts you.
The ice dragon breathes frost at you. The blast of cold hits you!!
You die...

≈,,,*,,*,,*..*,,*,,*,,,≈,,,,',,,,
,8,,*,,****,.####,,*,,8,,*,,****,
,,≈,,,,+...,....',,,.≈.,,*,,*,,*,
,,,,,,,+...**...',,,..,,,*,,,,,*,
**,,,,*#..##*#..#*,..,*#**,,,,**,
,,,,,,,#..#..#..#,,L,,.D,,,,,,,'.
,...*,,#..##....#,.#,...,,,,,,,'.
*#''####....##†(##i#).#*,.....C..
$#........##...C@DD...#..........
.#...,,#.......XDDy...D.)[.....#.
....#**#...#.#.[(#.#....#....C#..
....# #.# #..##D.##*.......X....
..#.####.# #.. #..##**....##.....
.........##.# ....####.........†
....######## .........# **#.C>
....# ..###.X#.## #... ....# .##
###D..# ##..


You could see a juggernaut, a shadow dragon, a tentacled monstrosity, a storm
dragon, a fire dragon (wandering), 3 ice dragons, a spark wasp and a spriggan
berserker.

Vanquished Creatures
  An ancient lich (Vaults:5)
  2 juggernauts (Depths:4)
  the Lernaean hydra (Swamp:4)
  Nikola (Swamp:1)
  2 golden dragons
  A mutant beast (WizLab)
  Arachne (Spider:4)
  2 bone dragons (Depths:5)
  9 tentacled monstrosities
  2 deep elf master archers (Elf:3)
  The ghost of HEYYEYAAE the Impaler, an adept DgGl (Vaults:1)
  6 titans (Vaults:5)
  2 deep elf blademasters (Elf:3)
  2 liches
  A thorn hunter (Swamp:4)
  Gastronok (Lair:2)
  Kirke (D:14)
  5 sphinxes
  A tengu reaver (Vaults:5)
  6 storm dragons
  4 shadow dragons
  Donald (Elf:2)
  Roxanne (Swamp:2)
  5 iron dragons
  3 deep elf sorcerers
  An orc warlord (Depths:1)
  5 fire giants
  18 vault wardens
  11 frost giants
  5 ghost moths
  A deep elf elementalist (Elf:3)
  Aizul (Swamp:2)
  3 cacodemons (Vaults:1)
  A ghoul (Vaults:4)
  5 emperor scorpions
  A draconian annihilator (Depths:5)
  22 very ugly things
  18 ironheart preservers
  2 war gargoyles (Vaults:5)
  5 vampire knights
  A caustic shrike skeleton (Depths:1)
  18 stone giants
  12 deep elf demonologists
  A green draconian (Depths:5)
  7 entropy weavers
  8 deep elf annihilators
  5 spark wasps
  Snorg (D:11)
  A red draconian (Depths:5)
  8 ettins
  A crystal guardian (Vaults:3)
  A merfolk impaler (Depths:1)
  4 deep elf high priests
  Josephine (D:10)
  The ghost of shugdite the Bludgeoner, a journeyman MiFi of Okawaru (D:10)
  6 fire dragons
  5 deep elf death magi
  6 great orbs of eyes
  5 rakshasas
  14 ice dragons
  Fannar (Lair:1)
  25 hydras
  A quicksilver dragon skeleton (Depths:2)
  Erolcha (D:9)
  35 vault guards
  12 yaktaur captains
  A hydra (shapeshifter) (Vaults:1)
  A caustic shrike simulacrum (Depths:1)
  3 shambling mangroves
  A merfolk avatar (Lair:6)
  67 two-headed ogres
  A death knight (Vaults:4)
  25 dancing weapons
  A queen ant (Spider:1)
  20 ogre magi
  15 alligators
  4 tengu warriors
  An orc high priest (Orc:2)
  8 deep troll earth magi
  A vampire mage (Depths:1)
  4 deep troll shamans
  Urug (D:11)
  11 centaur warriors
  An iron golem (WizLab)
  2 spriggan berserkers (Depths:2)
  A soul eater (Depths:1)
  Sonja (Orc:2)
  27 deep elf knights
  Nergalle (D:12)
  A storm dragon zombie (Depths:2)
  A golden dragon zombie (Depths:1)
  10 large abominations
  An iron troll (Depths:3)
  3 shadow wraiths (Vaults:3)
  2 spriggan druids
  10 skeletal warriors
  19 deep trolls
  8 unseen horrors
  4 hell knights (Depths:3)
  A sea snake (shapeshifter) (D:11)
  14 swamp dragons
  2 sea snakes (Lair:6)
  7 glowing orange brains
  A flayed ghost (Vaults:5)
  2 harpies (shapeshifter)
  18 ironbrand convokers
  A phantasmal warrior (Vaults:5)
  17 deep elf archers
  2 tengu zombies
  A swamp dragon (shapeshifter) (D:15)
  17 orc knights
  Pikel (D:9)
  3 wizards
  7 harpies
  7 orc sorcerers
  61 deep elf magi
  6 necromancers
  A fire giant zombie (Vaults:4)
  13 orb spiders
  2 oklob plants (Lair:4)
  A mana viper (shapeshifter) (WizLab)
  33 wolf spiders
  5 cyclopes
  3 frost giant zombies
  A stone giant zombie (Depths:1)
  2 moths of wrath (Spider:4)
  A manticore (shapeshifter) (WizLab)
  63 ugly things
  9 manticores
  2 human zombies
  Maurice (Orc:1)
  8 elephants
  Joseph (D:7)
  4 black mambas
  A moth of wrath (shapeshifter) (WizLab)
  13 vault sentinels
  2 salamanders (Depths:1)
  2 gargoyles
  26 spiny frogs
  2 torpor snails (Spider:4)
  A hellion (Depths:5)
  A rime drake (shapeshifter) (Depths:3)
  A freezing wraith (Vaults:4)
  2 yaktaurs (shapeshifter)
  29 yaktaurs
  8 komodo dragons
  6 rime drakes
  A komodo dragon (shapeshifter) (WizLab)
  A hellwing (Depths:1)
  2 elves (WizLab)
  6 demonic crawlers
  A guardian mummy (D:14)
  4 jumping spiders (shapeshifter)
  3 tengu conjurers
  A merfolk (shapeshifter) (Vaults:5)
  A red devil (Depths:1)
  6 trolls
  A polar bear (shapeshifter) (WizLab)
  2 meliai (shapeshifter)
  A wind drake (Lair:6)
  A queen bee (D:10)
  5 polar bears
  20 jumping spiders
  A hornet (shapeshifter) (Depths:3)
  14 blink frogs (Lair:6)
  10 tyrant leeches
  28 hornets
  30 slime creatures
  15 hippogriffs
  A shadow dragon simulacrum (Depths:2)
  3 blink frogs (shapeshifter)
  9 bog bodies
  A raiju (shapeshifter) (WizLab)
  A vampire (D:14)
  4 air elementals
  3 shadows
  10 spriggans
  22 tarantellas
  2 hippogriffs (shapeshifter) (WizLab)
  A spriggan simulacrum (Depths:1)
  8 wraiths
  9 wyverns
  2 basilisks
  33 yaks
  2 yaks (shapeshifter)
  3 hogs (shapeshifter) (WizLab)
  3 water elementals
  37 redbacks
  4 humans (WizLab)
  2 hogs (D:14)
  2 human simulacra
  3 hungry ghosts
  16 vampire mosquitoes
  Edmund (D:5)
  5 chaos spawn (Depths:4)
  A swamp worm (shapeshifter) (Elf:2)
  19 insubstantial wisps
  2 wargs (shapeshifter)
  8 wargs
  10 swamp worms
  Duvessa (D:7)
  An acid dragon (D:13)
  13 water moccasins
  22 soldier ants (Spider:1)
  7 porcupines
  A porcupine (shapeshifter) (Depths:2)
  4 floating eyes (WizLab)
  54 orc warriors
  6 hell hounds
  13 small abominations
  2 sky beasts
  A slave (D:9)
  2 sky beasts (shapeshifter)
  13 swamp drakes
  2 elf zombies
  4 phantoms
  7 ice beasts
  2 necrophages
  4 ogres (shapeshifter)
  3 boggarts (Vaults:1)
  A tengu (shapeshifter) (WizLab)
  5 wolves (Lair:2)
  A boggart (shapeshifter) (WizLab)
  39 ogres
  40 centaurs
  17 crocodiles
  A centaur (shapeshifter) (WizLab)
  A crocodile (shapeshifter) (Vaults:5)
  A big kobold (D:5)
  13 bullfrogs
  An earth elemental (Elf:2)
  Dowan (D:7)
  A wyvern skeleton (D:11)
  5 scorpions
  5 killer bees (D:10)
  15 wights
  4 electric eels
  4 howler monkeys
  A quasit (D:6)
  2 bullfrog zombies
  9 crimson imps
  7 hounds
  3 centaur zombies
  10 orc priests
  A jelly (shapeshifter) (Vaults:1)
  A bullfrog skeleton (D:5)
  3 centaur skeletons
  6 jellies
  19 orc wizards
  Ijyb (D:3)
  4 iguanas
  2 iguanas (shapeshifter) (WizLab)
  22 worker ants
  2 hound zombies
  2 hound skeletons
  2 worker ant zombies
  A howler monkey skeleton (D:5)
  5 gnolls
  A gnoll (shapeshifter) (Vaults:1)
  11 adders
  5 shadow imps
  5 oozes
  An adder skeleton (D:8)
  2 dart slugs
  5 leopard geckos
  89 orcs
  An orc (shapeshifter) (Vaults:1)
  4 bats
  3 giant cockroaches
  7 goblins
  7 hobgoblins
  17 jackals
  A jackal (shapeshifter) (Vaults:1)
  10 kobolds
  A kobold (shapeshifter) (Vaults:1)
  4 quokkas
  3 ball pythons
  7 frilled lizards
  A frilled lizard (shapeshifter) (WizLab)
  A leopard gecko skeleton (D:5)
  A leopard gecko zombie (D:7)
  A quokka skeleton (D:6)
  3 rats
  A fungus (Elf:3)
  9 plants
2013 creatures vanquished.

Vanquished Creatures (collateral kills)
  A lich (Depths:4)
  A storm dragon (Depths:4)
  2 frost giants
  A stone giant (Depths:4)
  The ghost of Borgoz the Slicer, a journeyman GrGl of Ashenzari (Lair:6)
  A yaktaur (Vaults:2)
  A jumping spider (Spider:4)
  A redback (Spider:4)
  A floating eye (Depths:2)
  A swamp drake (Swamp:3)
  A centaur (Depths:2)
12 creatures vanquished.

Vanquished Creatures (others)
  A tengu reaver (Vaults:5)
  A centaur skeleton (D:14)
  A jumping spider (Spider:1)
  A tyrant leech (Swamp:3)
  A bog body (Swamp:1)
  3 humans (D:14)
  3 soldier ants (Spider:1)
  A swamp drake (Swamp:1)
  An orc (D:9)
  A quokka (D:9)
  A bush (Lair:4)
  7 fungi (Lair:6)
  26 plants
48 creatures vanquished.

Grand Total: 2073 creatures vanquished

Notes
Turn   | Place    | Note
-------+----------+-------------------------------------------
     0 | D:1      | HEYYEYAAE the Demigod Earth Elementalist began the quest
                  | for the Orb.
     0 | D:1      | Reached XP level 1. HP: 14/14 MP: 5/5
    43 | D:1      | Reached skill level 3 in Earth Magic
    43 | D:1      | Reached XP level 2. HP: 12/20 MP: 0/7
   734 | D:1      | Reached XP level 3. HP: 26/26 MP: 6/9
  1204 | D:2      | Found an ancient bone altar of Kikubaaqudgha.
  1214 | D:2      | Reached skill level 4 in Earth Magic
  1724 | D:3      | Noticed Ijyb
  1757 | D:3      | Killed Ijyb
  1757 | D:3      | Reached XP level 4. HP: 19/33 MP: 1/10
  2069 | D:3      | Reached XP level 5. HP: 17/38 MP: 10/12
  2203 | D:3      | Found a bloodstained altar of Trog.
  3033 | D:4      | Found an iron altar of Okawaru.
  3272 | D:4      | Reached skill level 5 in Earth Magic
  3278 | D:4      | Found a staircase to the Ecumenical Temple.
  3653 | Temple   | Entered the Ecumenical Temple
  3675 | D:5      | Entered Level 5 of the Dungeon
  3714 | D:5      | Found a deep blue altar of Sif Muna.
  3788 | D:5      | Learned a level 3 spell: Stone Arrow
  3852 | D:5      | Found an ornate altar of the Wu Jian Council.
  3920 | D:5      | Found a shattered altar of Ashenzari.
  3933 | D:5      | Reached XP level 6. HP: 36/45 MP: 11/14
  3960 | D:5      | Noticed Edmund
  3996 | D:5      | Killed Edmund
  3996 | D:5      | Reached skill level 6 in Earth Magic
  4118 | D:5      | Reached XP level 7. HP: 35/50 MP: 1/16
  4339 | D:5      | Reached skill level 7 in Earth Magic
  4343 | D:5      | Got an encrusted dagger
  4769 | D:6      | You fall through a shaft for 3 floors!
  4772 | D:9      | Reached skill level 5 in Spellcasting
  4772 | D:9      | Reached XP level 8. HP: 57/57 MP: 15/19
  4775 | D:9      | Reached skill level 8 in Earth Magic
  4776 | D:9      | Noticed Erolcha
  4945 | D:8      | Noticed a hornet
  4961 | D:7      | Noticed Duvessa
  4966 | D:7      | Noticed Dowan
  4980 | D:7      | Killed Duvessa
  4981 | D:7      | Killed Dowan
  4988 | D:7      | Identified the +7 dagger of Tomaesodgh {pierce, Int+2} (You
                  | found it on level 5 of the Dungeon)
  5106 | D:7      | Got a bloodstained ring mail
  5142 | D:7      | Reached skill level 9 in Earth Magic
  5165 | D:7      | Noticed Joseph
  5191 | D:7      | Killed Joseph
  5314 | D:7      | Reached XP level 9. HP: 20/62 MP: 10/22
  5433 | D:7      | Found a sparkling altar of Nemelex Xobeh.
  5533 | D:7      | Reached skill level 10 in Earth Magic
  5756 | D:7      | Found a basalt altar of Yredelemnul.
  6414 | D:8      | Learned a level 5 spell: Lee's Rapid Deconstruction
  6414 | D:8      | Found Watsyderyi's Antique Weapon Shop.
  6501 | D:8      | Found Mievyink's General Store.
  6505 | D:8      | Found Inin's Assorted Antiques.
  6524 | D:8      | Found Egroserph's Food Emporium.
  6538 | D:8      | Noticed a two-headed ogre
  6544 | D:8      | Killed a two-headed ogre
  6544 | D:8      | Reached skill level 11 in Earth Magic
  6771 | D:8      | Identified the +2 ring mail of Darkness {Int+5} (You found
                  | it on level 7 of the Dungeon)
  6907 | D:8      | Found Tibi's General Store.
  6910 | D:8      | Bought a scroll of identify for 22 gold pieces
  6913 | D:8      | Bought 2 potions of agility for 88 gold pieces
  6949 | D:8      | Found a sacrificial altar of Ru.
  7002 | D:8      | Reached XP level 10. HP: 66/69 MP: 14/25
  7194 | D:9      | Noticed Pikel
  7202 | D:9      | Killed Pikel
  7239 | D:9      | Killed Erolcha
  7239 | D:9      | Reached skill level 12 in Earth Magic
  7485 | D:9      | Found a staircase to the Lair.
  7845 | D:9      | Found a snail-covered altar of Cheibriados.
  8145 | D:10     | Entered Level 10 of the Dungeon
  8327 | D:10     | Noticed Josephine
  8330 | D:10     | Killed Josephine
  8686 | D:10     | Found a staircase to the Orcish Mines.
  8696 | D:10     | Reached skill level 13 in Earth Magic
  8722 | D:10     | Reached XP level 11. HP: 74/74 MP: 2/28
  8980 | D:10     | Found a transporter.
  8984 | D:10     | Found a transporter.
  8984 | D:10     | Noticed shugdite's ghost (journeyman MiFi)
  8994 | D:10     | Got a pair of ancient gloves
  9000 | D:10     | Identified the +2 pair of gloves of the Bells {Int+3 Dex+2}
                  | (You found it on level 10 of the Dungeon)
  9802 | D:11     | Killed an unseen horror
 10137 | D:11     | Found Agunawel's Armour Boutique.
 10141 | D:11     | Noticed Snorg
 10148 | D:11     | Killed Snorg
 10181 | D:11     | Bought a +1 helmet of intelligence for 297 gold pieces
 10182 | D:11     | Noticed a deep elf knight
 10480 | D:11     | Noticed an orc knight
 10483 | D:11     | Killed an orc knight
 10483 | D:11     | Reached skill level 14 in Earth Magic
 10564 | D:11     | Noticed an orc knight
 10570 | D:11     | Killed an orc knight
 10608 | D:11     | Noticed a sea snake
 10613 | D:11     | Killed a sea snake
 10757 | D:11     | Noticed Urug
 10769 | D:11     | Killed Urug
 10889 | D:11     | Noticed an orc knight
 10901 | D:11     | Killed a deep elf knight
 10960 | D:11     | Killed an orc knight
 11085 | D:12     | Noticed Nergalle
 11097 | D:11     | Learned a level 4 spell: Petrify
 11101 | D:11     | Learned a level 3 spell: Mephitic Cloud
 11130 | D:12     | Killed Nergalle
 11130 | D:12     | Reached skill level 10 in Spellcasting
 11596 | D:12     | Reached XP level 12. HP: 81/81 MP: 5/30
 11824 | D:13     | Noticed a centaur warrior
 11832 | D:13     | Killed a centaur warrior
 11832 | D:13     | Reached skill level 15 in Earth Magic
 12583 | D:13     | Noticed a centaur warrior
 12586 | D:13     | Killed a centaur warrior
 13046 | D:13     | Noticed a vault guard
 13048 | D:13     | Killed a vault guard
 13069 | D:13     | Noticed a vault guard
 13070 | D:13     | Noticed an ogre mage
 13087 | D:13     | Killed an ogre mage
 13087 | D:13     | Reached skill level 16 in Earth Magic
 13355 | D:13     | Noticed a vault guard
 13358 | D:13     | Killed a vault guard
 13359 | D:13     | Killed a vault guard
 13454 | D:13     | Noticed a vault guard
 13466 | D:13     | Killed a vault guard
 13490 | D:13     | Found a gate to the Vaults.
 13970 | D:14     | Noticed a five-headed hydra
 13974 | D:14     | Killed a five-headed hydra
 13974 | D:14     | Reached XP level 13. HP: 86/86 MP: 12/33
 14725 | D:14     | Noticed Kirke
 14726 | D:14     | Reached skill level 17 in Earth Magic
 14729 | D:14     | Killed Kirke
 14931 | D:14     | Found a portal to a secret trove of treasure.
 15541 | D:14     | Found a basalt altar of Yredelemnul.
 15760 | D:15     | Entered Level 15 of the Dungeon
 16013 | D:15     | Found Ezopsuikh's Food Emporium.
 16977 | D:15     | Reached XP level 14. HP: 93/93 MP: 24/35
 16978 | D:15     | Reached skill level 18 in Earth Magic
 17457 | D:15     | Found a staircase to the Depths.
 17694 | Lair:1   | Entered Level 1 of the Lair of Beasts
 17837 | Lair:1   | Noticed Fannar
 17982 | Lair:1   | Killed Fannar
 18928 | Lair:2   | Noticed Gastronok
 18942 | Lair:2   | Killed Gastronok
 19608 | Lair:2   | Found the +3 pair of gauntlets of War {Slay+5}
 20389 | Lair:3   | Found a hole to the Spider Nest.
 21533 | Lair:4   | Got a pitted tin ring
 21754 | Lair:4   | Learned a level 1 spell: Apportation
 21754 | Lair:4   | Found a staircase to the Swamp.
 22208 | Lair:5   | Reached skill level 19 in Earth Magic
 22472 | Lair:5   | Found a staircase to the Slime Pits.
 22626 | Lair:5   | Identified the ring of Untruth {Str+4 SInv Stlth+} (You
                  | found it on level 4 of the Lair of Beasts)
 23099 | Lair:6   | Entered Level 6 of the Lair of Beasts
 23362 | Lair:6   | Noticed Borgoz's ghost (journeyman GrGl)
 23594 | Lair:6   | HP: 4/93 [poisoned by a sea snake]
 23599 | Lair:6   | HP: 3/93 [poisoned by a sea snake]
 23602 | Lair:6   | HP: 1/93 [poisoned by a sea snake]
 23704 | Lair:6   | Found a runed translucent gate.
 23705 | Lair:6   | Found a runed translucent gate.
 23706 | Lair:6   | Found a runed translucent gate.
 24300 | Lair:6   | Reached XP level 15. HP: 93/99 MP: 8/37
 24655 | Lair:6   | Got a crude mace
 25188 | Lair:6   | Killed Borgoz's ghost
 25583 | Lair:6   | Learned a level 3 spell: Conjure Flame
 25752 | Orc:1    | Entered Level 1 of the Orcish Mines
 25845 | Orc:1    | Noticed Maurice
 25870 | Orc:1    | Killed Maurice
 26090 | Orc:2    | Entered Level 2 of the Orcish Mines
 26090 | Orc:2    | Found a staircase to the Elven Halls.
 27029 | Orc:2    | Found a roughly hewn altar of Beogh.
 27137 | Orc:2    | Reached skill level 20 in Earth Magic
 27150 | Orc:2    | Noticed Sonja
 27279 | Orc:2    | Killed Sonja
 27911 | Orc:2    | Found Voetakk's General Store.
 27911 | Orc:2    | Found Uppoj's Food Emporium.
 27913 | Orc:2    | Found Doydyc's Book Shoppe.
 27915 | Orc:2    | Found Futhrius's Book Boutique.
 27925 | Orc:2    | Bought a book of the Earth for 780 gold pieces
 27935 | Orc:2    | Learned a level 9 spell: Shatter
 27937 | Orc:2    | Bought a scroll of fog for 32 gold pieces
 27937 | Orc:2    | Bought a scroll of teleportation for 48 gold pieces
 27937 | Orc:2    | Bought an uncursed staff of earth for 400 gold pieces
 27937 | Orc:2    | Bought a potion of brilliance for 64 gold pieces
 27937 | Orc:2    | Bought a potion of agility for 64 gold pieces
 28394 | D:10     | Killed shugdite's ghost
 28582 | D:10     | Got a steaming hunting sling
 28693 | Swamp:1  | Entered Level 1 of the Swamp
 29902 | Swamp:1  | Found the +0 pair of fencer's gloves {Riposte Dex+3}
 29902 | Swamp:1  | Noticed Nikola
 29905 | Swamp:1  | Identified the +8 spear of the Fool {vamp, *Noise rPois
                  | rF+}
 30367 | Swamp:1  | Found a transporter.
 30367 | Swamp:1  | Found a transporter.
 30595 | Spider:1 | Entered Level 1 of the Spider Nest
 31060 | Spider:1 | Reached XP level 16. HP: 85/105 MP: 21/39
 31372 | Elf:1    | Entered Level 1 of the Elven Halls
 31435 | Elf:1    | Reached skill level 21 in Earth Magic
 32349 | Elf:1    | Noticed a Tzitzimitl
 32459 | Elf:1    | Identified the cursed +2 battleaxe of Conformity {chop,
                  | +Inv Dex+4}
 32697 | Elf:1    | Found a runed translucent gate.
 32697 | Elf:1    | Found a runed translucent gate.
 32697 | Elf:1    | Found a runed translucent gate.
 32697 | Elf:1    | Found a runed translucent gate.
 32697 | Elf:1    | Found a runed translucent gate.
 32698 | Elf:1    | Found a runed translucent gate.
 32878 | Elf:1    | Found Agi Dae's Gadget Emporium.
 32907 | Elf:1    | You fall through a shaft!
 32908 | Elf:2    | Found a radiant altar of Vehumet.
 32921 | Elf:2    | Reached skill level 15 in Spellcasting
 32942 | Elf:2    | Noticed a sphinx
 32950 | Elf:2    | Killed a sphinx
 32964 | Elf:2    | Noticed a sphinx
 32980 | Elf:2    | Killed a sphinx
 33223 | Elf:2    | Noticed a sphinx
 33233 | Elf:2    | Killed a sphinx
 33662 | D:14     | You paid a toll of 6 scrolls of blinking to enter a
                  | treasure trove
 33663 | Trove    | Entered a treasure trove
 33757 | D:14     | Identified the cursed +1 mace "Tavozuacw" {pain, *Noise
                  | rElec Int+9} (You found it on level 6 of the Lair of
                  | Beasts)
 34812 | Elf:2    | Reached skill level 22 in Earth Magic
 35376 | Elf:2    | Found a runed translucent gate.
 35376 | Elf:2    | Found a runed translucent gate.
 35376 | Elf:2    | Found a runed translucent gate.
 35407 | Elf:3    | Entered Level 3 of the Elven Halls
 35433 | Elf:3    | Reached XP level 17. HP: 111/111 MP: 36/42
 35480 | Elf:3    | Got a smelly leather armour
 36079 | Elf:3    | Found Raotsin's General Store.
 36085 | Elf:3    | Bought a ration for 70 gold pieces
 36085 | Elf:3    | Bought a scroll of fear for 49 gold pieces
 36085 | Elf:3    | Bought a sack of spiders for 280 gold pieces
 36085 | Elf:3    | Bought a potion of ambrosia for 112 gold pieces
 36085 | Elf:3    | Bought a ration for 70 gold pieces
 36116 | Elf:3    | Noticed a deep elf blademaster
 36118 | Elf:3    | Killed a deep elf blademaster
 36124 | Elf:3    | Noticed a deep elf blademaster
 36129 | Elf:3    | Identified the cursed +1 rapier of Wu Jian {pierce, +Inv
                  | MP+9 Str-5 Dex+3}
 36134 | Elf:3    | Killed a deep elf blademaster
 36164 | Elf:3    | Identified the ring of the Rabble {*Slow rPois MR+ Str+5
                  | Int+5}
 36595 | Elf:3    | Identified the cursed +1 hunting sling of Beogh's Brutal
                  | Revenge {velocity, rF- Int+5} (You found it on level 10 of
                  | the Dungeon)
 36613 | Elf:3    | Cast into level 3 of the Abyss (a deep elf demonologist)
 36620 | Elf:3    | Escaped the Abyss
 36648 | Elf:3    | Got a twisted chain mail
 37327 | Swamp:1  | Killed Nikola
 37752 | Swamp:2  | Reached skill level 23 in Earth Magic
 37888 | Swamp:2  | Noticed Aizul
 37890 | Swamp:2  | Killed Aizul
 38183 | Swamp:2  | You fall through a shaft!
 38548 | Swamp:3  | Identified the +3 chain mail of Quwott {rElec Slay+2} (You
                  | took it off a deep elf high priest on level 3 of the Elven
                  | Halls)
 38577 | Swamp:2  | Noticed Roxanne
 38580 | Swamp:2  | Killed Roxanne
 39726 | Swamp:4  | Entered Level 4 of the Swamp
 39927 | Swamp:4  | Identified the +3 leather armour of Sloth {rF- MR+++} (You
                  | found it on level 3 of the Elven Halls)
 39945 | Swamp:4  | Reached XP level 18. HP: 86/117 MP: 13/44
 41254 | Swamp:4  | Noticed the 27-headed Lernaean hydra
 41396 | Swamp:4  | Killed the 27-headed Lernaean hydra
 41613 | Swamp:4  | Got a decaying rune of Zot
 42260 | Spider:2 | Got a pitted pewter amulet
 42572 | Spider:2 | Identified the amulet "Biuhiy" {RegenMP rPois SInv} (You
                  | found it on level 2 of the Spider Nest)
 43703 | Spider:3 | Reached skill level 1 in Armour
 44515 | Spider:4 | Entered Level 4 of the Spider Nest
 44526 | Spider:4 | Reached skill level 1 in Fighting
 44682 | Spider:4 | HP: 5/121 [wolf spider (5)]
 45337 | Spider:4 | Noticed Arachne
 45576 | Spider:4 | Killed Arachne
 45780 | Spider:4 | Reached skill level 24 in Earth Magic
 46588 | Spider:4 | Got a gossamer rune of Zot
 47320 | Vaults:1 | Entered Level 1 of the Vaults
 47551 | Vaults:1 | Reached XP level 19. HP: 112/133 MP: 36/46
 47876 | Vaults:1 | Found Tiadd's Weapon Shoppe.
 47882 | Vaults:1 | Bought 25 stones for 50 gold pieces
 48694 | Vaults:1 | Found a runed translucent gate.
 48694 | Vaults:1 | Found a runed translucent gate.
 48695 | Vaults:1 | Found a runed translucent gate.
 48714 | Vaults:1 | Reached skill level 5 in Dodging
 48717 | Vaults:1 | Reached skill level 5 in Armour
 48784 | Vaults:1 | Found a runed translucent gate.
 48784 | Vaults:1 | Found a runed translucent gate.
 48785 | Vaults:1 | Found a runed translucent gate.
 48793 | Vaults:1 | Noticed HEYYEYAAE's ghost (adept DgGl)
 48822 | Vaults:1 | Killed HEYYEYAAE's ghost
 48822 | Vaults:1 | Reached skill level 5 in Fighting
 48910 | Vaults:1 | Got a shimmering robe
 49195 | Vaults:2 | Found a sparkling altar of Nemelex Xobeh.
 49221 | Vaults:2 | Found a basalt altar of Yredelemnul.
 49222 | Vaults:2 | Found a staircase to the Crypt.
 50011 | Vaults:2 | Found an ancient bone altar of Kikubaaqudgha.
 50330 | Vaults:2 | Identified the +4 robe of Cocytus {Str+6} (You found it on
                  | level 1 of the Vaults)
 50474 | Vaults:2 | Reached XP level 20. HP: 104/148 MP: 29/48
 50830 | Vaults:2 | Found Imum's Distillery.
 50838 | Vaults:2 | Bought a potion of magic for 176 gold pieces
 50838 | Vaults:2 | Bought 2 potions of invisibility for 352 gold pieces
 50838 | Vaults:2 | Bought a potion of might for 88 gold pieces
 50838 | Vaults:2 | Bought a potion of heal wounds for 110 gold pieces
 50838 | Vaults:2 | Bought a potion of heal wounds for 110 gold pieces
 50838 | Vaults:2 | Bought a potion of mutation for 176 gold pieces
 50838 | Vaults:2 | Bought a potion of heal wounds for 110 gold pieces
 50838 | Vaults:2 | Bought a potion of curing for 66 gold pieces
 50838 | Vaults:2 | Bought 2 potions of heal wounds for 220 gold pieces
 51506 | Vaults:3 | Learned a level 8 spell: Discord
 53236 | Vaults:3 | Reached skill level 1 in Hexes
 53236 | Vaults:3 | Reached skill level 25 in Earth Magic
 53236 | Vaults:3 | Reached XP level 21. HP: 157/157 MP: 46/49
 54499 | Vaults:4 | Found Atadyne's General Store.
 54507 | Vaults:4 | Reached XP level 22. HP: 149/166 MP: 17/51
 54547 | Vaults:4 | Bought a scroll of identify for 26 gold pieces
 54547 | Vaults:4 | Bought a scroll of enchant armour for 97 gold pieces
 54547 | Vaults:4 | Bought a scroll of fear for 45 gold pieces
 54547 | Vaults:4 | Bought a scroll of teleportation for 39 gold pieces
 54547 | Vaults:4 | Bought a ration for 65 gold pieces
 55202 | Vaults:5 | Entered Level 5 of the Vaults
 55285 | Vaults:5 | Identified the ring "Nujeu" {+Fly rPois Int-3 SInv}
 55530 | Vaults:5 | Reached skill level 5 in Hexes
 56182 | Vaults:5 | Noticed an ancient lich
 56212 | Vaults:5 | Killed an ancient lich
 56212 | Vaults:5 | Reached XP level 23. HP: 178/178 MP: 34/53
 56402 | Vaults:5 | Identified the cursed +1 shortbow "Xanilo Nibo" {flame,
                  | Dex+3}
 56493 | Vaults:5 | Found Hisch's General Store.
 56551 | Vaults:5 | Got an agate-encrusted ring mail
 56553 | Vaults:5 | Identified the +1 ring mail "Cohuseg" {+Fly rPois rN+ MP-9}
                  | (You found it on level 5 of the Vaults)
 56560 | Vaults:5 | Bought a potion of brilliance for 40 gold pieces
 56560 | Vaults:5 | Bought a scroll of identify for 20 gold pieces
 56560 | Vaults:5 | Bought a potion of curing for 30 gold pieces
 56560 | Vaults:5 | Bought 20 stones for 20 gold pieces
 56560 | Vaults:5 | Bought a ration for 50 gold pieces
 56737 | Vaults:5 | Got a silver rune of Zot
 56749 | Vaults:5 | Identified a scroll of acquirement
 56767 | Vaults:5 | Got an ichor-stained cloak
 56779 | Vaults:5 | Identified the +0 cloak of Immorality {rPois Str+4} (You
                  | acquired it on level 5 of the Vaults)
 56793 | Vaults:5 | Got a transparent ring mail
 56795 | Vaults:5 | Identified the cursed +1 ring mail of Paodd {MR+ Regen+
                  | Int+4} (You found it on level 5 of the Vaults)
 57361 | Vaults:5 | Identified the +4 great sword of Death {venom, *Corrode
                  | *Slow rPois rC+++}
 57815 | Elf:2    | Reached skill level 1 in Shields
 57835 | Elf:2    | Noticed Donald
 57838 | Elf:2    | Killed Donald
 58517 | Depths:1 | Entered Level 1 of the Depths
 58628 | Depths:1 | Reached skill level 10 in Armour
 58861 | Depths:1 | Found a gateway to Hell.
 59174 | Depths:1 | Reached skill level 5 in Shields
 59271 | D:15     | Learned a level 8 spell: Controlled Blink
 59507 | Depths:1 | Reached skill level 1 in Translocations
 59747 | Depths:2 | Reached skill level 10 in Fighting
 59783 | Depths:2 | Identified the +10 mace of Sereariw {drain, Dex+6 SInv}
 59791 | Depths:2 | HP: 5/181 [fire giant/bolt of fire (60)]
 60669 | Depths:2 | Got a distressingly furry shield
 60671 | Depths:2 | Identified the +1 shield of Fortification {rN+ MR+ Dex-3}
                  | (You found it on level 2 of the Depths)
 61446 | Depths:3 | Found Tootudiu's Changing Room.
 61460 | Depths:3 | Bought a potion of mutation for 120 gold pieces
 61460 | Depths:3 | Bought a potion of mutation for 120 gold pieces
 61491 | Depths:3 | You fall through a shaft for 2 floors!
 61491 | Depths:5 | Entered Level 5 of the Depths
 61502 | Depths:5 | Found a gate to the Realm of Zot.
 61519 | Depths:5 | Noticed a juggernaut
 61552 | Depths:4 | Reached XP level 24. HP: 97/191 MP: 22/54
 61725 | Depths:4 | Noticed a juggernaut
 61729 | Depths:4 | Found a one-way gate to the infinite horrors of the Abyss.
 61731 | Depths:4 | Killed a juggernaut
 61785 | Depths:4 | Found a magical portal.
 61791 | WizLab   | Entered Cigotuvi's Fleshworks
 61863 | WizLab   | Reached skill level 5 in Translocations
 61894 | WizLab   | Paralysed by a floating eye for 4 turns
 61936 | WizLab   | Got a smoking brass ring
 62078 | WizLab   | Identified the Guide on Transformation
 62097 | WizLab   | Identified Cigotuvi's Almanac of Evil Transformation
 62207 | Depths:5 | Found a gateway to a ziggurat.
 62216 | Depths:5 | Found Foesulet's Jewellery Boutique.
 62237 | Depths:4 | Noticed a juggernaut
 62253 | Depths:4 | Killed a juggernaut
 62269 | Depths:4 | Noticed a juggernaut
 62277 | Depths:4 | Killed from afar by an ice dragon

Skill      XL: |  1  2  3  4  5  6  7  8  9 10 11 12 13 14 15 16 17 18 19 20 21 22 23 24 |
---------------+-------------------------------------------------------------------------+-----
Spellcasting   | 2 3 4 5 6 7 8 10 11 12 13 14 15 16 17 18 19 20 | 20.8
Earth Magic    | 3 4 5 6 7 9 11 13 14 16 17 19 20 22 23 24 25 | 25.7
Dodging        | 4 6 7 8 9 |  9.5
Armour         | 3 5 7 9 12 13 | 13.1
Fighting       | 3 5 6 7 9 10 11 | 11.4
Hexes          | 1 3 5 6 |  6.1
Shields        | 5 |  5.0
Translocations | 4 5 |  5.9
Stealth        | |  1.7
Transmutations | |  0.8

Action                   |  1- 3 |  4- 6 |  7- 9 | 10-12 | 13-15 | 16-18 | 19-21 | 22-24 || total
-------------------------+-------+-------+-------+-------+-------+-------+-------+-------++-------
Melee: Unarmed           |    20 |       |       |       |       |       |       |       ||    20
       Dagger            |    79 |   112 |    63 |    67 |   209 |       |       |       ||   530
       Hand axe          |       |     7 |       |       |       |       |       |       ||     7
       Staff             |       |       |       |       |     4 |    23 |       |       ||    27
       Mace              |       |       |       |       |       |    48 |    66 |    37 ||   151
Throw: Stone             |       |       |       |     5 |     4 |     5 |     1 |     1 ||    16
 Cast: Sandblast         |    46 |    18 |    98 |   106 |   377 |   235 |    58 |     8 ||   946
       Stone Arrow       |       |     8 |    43 |    26 |   280 |   190 |    99 |    47 ||   693
       Lee's Rapid Decon |       |       |     4 |   137 |   210 |   206 |    59 |    94 ||   710
       Petrify           |       |       |       |     8 |    31 |     6 |       |       ||    45
       Shatter           |       |       |       |       |     8 |    85 |   118 |   186 ||   397
       Conjure Flame     |       |       |       |       |     2 |       |       |       ||     2
       Mephitic Cloud    |       |       |       |       |     2 |       |       |       ||     2
Evoke: Wand              |       |       |    10 |    14 |    42 |    37 |     6 |    15 ||   124
       Box of beasts     |       |       |       |       |     2 |     3 |       |     5 ||    10
       Phantom mirror    |       |       |       |       |       |     2 |       |       ||     2
       Sack of spiders   |       |       |       |       |       |    17 |       |     1 ||    18
       Lamp of fire      |       |       |       |       |       |     3 |     3 |     3 ||     9
  Use: Scroll            |       |    12 |     7 |     6 |    18 |    25 |    11 |    22 ||   101
       Potion            |       |       |       |       |    16 |    27 |     3 |    11 ||    57
 Stab: Sleeping          |     2 |     7 |     2 |     1 |     1 |       |       |       ||    13
       Confused          |       |       |       |     1 |       |       |       |       ||     1
       Distracted        |       |       |       |       |       |     1 |       |       ||     1
  Eat: Chunk             |     2 |     8 |     6 |    19 |    34 |    10 |    19 |     4 ||   102
       Ration            |       |       |     2 |     2 |     7 |    14 |     1 |     6 ||    32
Armor: Robe              |    22 |    20 |     5 |       |       |       |       |       ||    47
       Leather armour    |       |       |    11 |       |       |       |       |       ||    11
       Ring mail         |       |       |     8 |    63 |   500 |   470 |   143 |   131 ||  1315
       Skin              |       |       |       |       |    25 |    74 |       |       ||    99
       Troll leather arm |       |       |       |       |       |       |    57 |    35 ||    92
Dodge: Dodged            |   114 |    76 |    70 |    89 |   418 |   388 |   220 |   290 ||  1665
Block: Buckler           |       |       |       |       |       |       |       |   121 ||   121
